 Dungeon Crawl Stone Soup version 0.31-a0-986-g5e6e4ef867 (webtiles) character file.

Game seed: 895730760599472879

261 FakeRyeBread the Trooper (level 6, 0/39 HPs)
             Began as a Gargoyle Fighter on Nov 6, 2023.
             Slain by an ogre
             ... wielding a +0 giant spiked club
              (29 damage)
             ... on level 4 of the Dungeon.
             The game lasted 00:05:48 (2519 turns).

FakeRyeBread the Trooper (Gargoyle Fighter)         Turns: 2519, Time: 00:05:49

Health: 0/39       AC: 17    Str: 22    XL:     6   Next: 18%
Magic:  6/6        EV:  6    Int:  8    God:
Gold:   1194       SH:  4    Dex:  9    Spells: 5/5 levels left

rFire   . . .        a - +0 flail
rCold   . . .        c - +0 buckler
rNeg    + . .        h - +0 plate armour
rPois   ∞            (no helmet)
rElec   +            l - +0 cloak
rCorr   .            (no gloves)
SInv    .            (no boots)
Will    .....        (no amulet) Stlth
                     (no ring)
HPRegen 0.26/turn    (no ring)
MPRegen 0.10/turn

%: no passive effects
@: no status effects
A: sickness immunity, AC +4, negative energy resistance 1, electricity
resistance, torment resistance 1, petrification resistance
a: no special abilities


You were on level 4 of the Dungeon.
You visited 1 branch of the dungeon, and saw 4 of its levels.

You collected 1194 gold pieces.

Inventory:

Hand Weapons
 a - a +0 flail (weapon)
Missiles
 n - 4 boomerangs (quivered)
Armour
 c - a +0 buckler (worn)
 h - a +0 plate armour (worn)
 l - a +0 cloak (worn)
Scrolls
 e - 2 scrolls of poison
 j - a scroll of revelation
Potions
 b - 2 potions of brilliance
 d - a potion of might
 f - 2 potions of enlightenment
 i - 3 potions of curing
 k - 2 potions of magic
 m - a potion of lignification


   Skills:
 + Level 4.4 Fighting
 * Level 4.2 Maces & Flails
 + Level 4.3 Armour
 + Level 4.3 Shields


You had 5 spell levels left.
You didn't know any spells.
Your spell library contained the following spells:

 Spells                   Type           Power      Damage    Failure   Level
 Sandblast                Erth           0%         2d4       100%        1
 Lesser Beckoning         Tloc           0%         N/A       100%        2
 Passwall                 Tmut/Erth      0%         N/A       100%        2
 Gell's Gravitas          Tloc           0%         N/A       100%        3
 Stone Arrow              Conj/Erth      0%         3d7       100%        3
 Teleport Other           Tloc           0%         N/A       100%        3
 Brom's Barrelling Bould  Conj/Erth      0%         2d3       100%        4


Dungeon Overview and Level Annotations

Branches:
Dungeon (4/15)             Temple (0/1) D:4

Altars:
Hepliaklqana
Zin


Innate Abilities, Weirdness & Mutations

You are immune to sickness and miasma.
Your stone body is resilient. (AC +4)
You are immune to poison.
You resist negative energy. (rN+)
You are resistant to electric shocks. (rElec)
You are resistant to unholy torment.
You are immune to petrification.


Message History

You open the door.
There is an open door here.
A hound comes into view.
The hound barks!
The hound stops to sniff the ground.
You closely miss the hound. The hound bites you but does no damage.
The hound bites you.
You thump the hound!
The hound is severely wounded.
The hound bites you but does no damage. x2
You barely miss the hound.
The hound is severely wounded.
The hound bites you but does no damage.
You closely miss the hound.
The hound is severely wounded.
You block the hound's attack. The hound bites you.
You completely miss the hound.
The hound is heavily wounded.
You block the hound's attack. The hound bites you but does no damage.
You sock the hound!
You kill the hound!
Found a staircase to the Ecumenical Temple and a stone staircase leading down.
The orc shouts!
You hear a shout! x2
You see here a hound corpse.
HP restored.
Found a stone staircase leading up.
Sorry, I don't know how to get there.
An ogre comes into view. It is wielding a +0 giant spiked club.
The ogre shouts!
You closely miss the ogre. The ogre completely misses you.
You hit the ogre.
The ogre is moderately wounded.
The ogre hits you with a +0 giant spiked club!
You barely miss the ogre.
The ogre is moderately wounded.
You thump the ogre!
The ogre is severely wounded.
The ogre hits you with a +0 giant spiked club!!
Ouch! That really hurt!
You die...

.. ### .. ..#
..... #.#
....##$# ......#
#.....# #
#...#O# #+#
#.##...#@# #.#
#......#.#
#.##### #.....#
#.....# ###.###
...##.# #.#
....#.##### #.#
..........# #.#
..###.###.####.#
#.# #....<.....#


You could see an ogre.

Vanquished Creatures
  2 hounds (D:4)
  Terence (D:3)
  7 gnolls
  3 adders (D:2)
  A worm (D:2)
  3 dart slugs
  2 orcs (D:3)
  6 ball pythons
  3 endoplasms
  3 giant cockroaches
  8 goblins
  7 hobgoblins
  5 jackals (D:1)
  7 kobolds
  A quokka (D:3)
  3 bats
  2 frilled lizards
  9 rats
73 creatures vanquished.

Notes
Turn   | Place    | Note
-------+----------+-------------------------------------------
     0 | D:1      | FakeRyeBread the Gargoyle Fighter began the quest for the
                  | Orb.
     0 | D:1      | Reached XP level 1. HP: 14/14 MP: 1/1
   227 | D:1      | Reached XP level 2. HP: 19/19 MP: 2/2
   520 | D:1      | Reached XP level 3. HP: 18/23 MP: 3/3
   890 | D:2      | Reached XP level 4. HP: 5/29 MP: 4/4
  1206 | D:2      | Reached XP level 5. HP: 33/33 MP: 5/5
  1377 | D:2      | Identified a scroll of acquirement
  1377 | D:2      | Acquired 1034 gold pieces
  1818 | D:3      | Found a hazy altar of Hepliaklqana.
  1862 | D:3      | Noticed Terence
  1866 | D:3      | Killed Terence
  2138 | D:3      | Found a glowing silver altar of Zin.
  2367 | D:4      | Reached XP level 6. HP: 39/39 MP: 6/6
  2416 | D:4      | Found a staircase to the Ecumenical Temple.
  2519 | D:4      | Slain by an ogre

Illustrated notes

Levels and vault maps discovered:
D:1:      amcnicky_arrival_feature_with_door, layout_basic
D:2:      layout_rooms
D:3:      layout_basic, nicolae_hepliaklqana_hippocampus,
          mainiacjoe_overflow_alcove_2, nrook_mini_backslash, uniq_terence
D:4:      layout_loops_corners, mainiacjoe_overflow_six_doors_small,
          minmay_temple_entry_from_below_b, minivault_24

Skill      XL: |  1  2  3  4  5 |
---------------+----------------+-----
Maces & Flails | 3 4 |  4.2
Fighting       | 4 |  4.4
Shields        | 4 |  4.3
Armour         | 4 |  4.3

Action                     |  1- 3 |  4- 6 || total
---------------------------+-------+-------++-------
  Melee: Flail             |   116 |   148 ||   264
  Throw: Boomerang         |       |     6 ||     6
    Use: Scroll            |       |    10 ||    10
 Armour: Scale mail        |    24 |       ||    24
         Plate armour      |    74 |   130 ||   204
  Dodge: Dodged            |    33 |    45 ||    78
  Block: Buckler           |    22 |    38 ||    60

Table legend: (Time is in decaauts)
 A = Elapsed time spent in this place.
 B = Non-inter-level travel time spent in this place.
 C = Inter-level travel time spent in this place.
 D = Time resting spent in this place.
 E = Time spent auto-exploring this place.
 F = Levels seen in this place.
 G = Mean time per level.
                   A        B        C        D        E       F      G
               +--------+--------+--------+--------+--------+-----+--------+
         Total |   2595 |   2358 |    237 |    241 |   1379 |   4 |  648.8 |
       Dungeon |   2595 |   2358 |    237 |    241 |   1379 |   4 |  648.8 |
               +--------+--------+--------+--------+--------+-----+--------+

Top non-repeatable levels by time:
     D:3: 847 daAuts
     D:1: 831 daAuts
     D:2: 729 daAuts
     D:4: 186 daAuts
